 Dungeon Crawl Stone Soup version 0.17-a0-1950-g23d6077 (webtiles) character file.

400 RobertPalmer the Carver (level 6, -14/37 HPs)
             Began as a Tengu Chaos Knight on Oct 2, 2015.
             Demolished by an ice devil (21 damage)
             ... summoned by the capriciousness of Xom
             ... on level 4 of the Dungeon.
             The game lasted 00:14:37 (3579 turns).

RobertPalmer the Carver (Tengu Chaos Knight)        Turns: 3579, Time: 00:14:38

Health: -14/37     AC: 10    Str: 14    XL:     6   Next: 84%
Magic:  7/7        EV: 11    Int: 14    God:    Xom [...*..]
Gold:   155        SH:  0    Dex: 19    Spells: 0 memorised, 5 levels left

rFire  + . .     SeeInvis +     a - +2 falchion (chaos)
rCold  . . .     Clarity  .     g - +5 ring mail of Taupsesoge {-Cast rF+ Int+2 Dex+3}
rNeg   . . .     SustAt   .     (no shield)
rPois  .         Gourm    .     (helmet restricted)
rElec  .         Spirit   .     (no cloak)
rCorr  .         Warding  .     (no gloves)
rMut   .         Stasis   .     (boots unavailable)
MR     .....     NoCast   +     (no amulet)
Stlth  +.........               (no ring)
                                (no ring)

@: not resistant to hostile enchantments, very unstealthy
A: antennae 1, beak, claws 2, talons 3, see invisible, mutation resistance 1,
sense surroundings 1, regeneration 1, strong 1, able to fly 1
a: Fly, Renounce Religion


You were on level 4 of the Dungeon.
You worshipped Xom.
You were a favourite toy of Xom.
You were not hungry.

You visited 1 branch of the dungeon, and saw 5 of its levels.

You collected 155 gold pieces.

Inventory:

Hand weapons
 a - a +2 falchion of chaos (weapon)
Armour
 b - a +2 leather armour
 g - the +5 ring mail of Taupsesoge (worn) {-Cast rF+ Int+2 Dex+3}
   (You found it on level 4 of the Dungeon)

   It affects your intelligence (+2).
   It affects your dexterity (+3).
   It protects you from fire.
   It prevents spellcasting.
Jewellery
 h - a +6 ring of intelligence {unknown}
   (You found it on level 3 of the Dungeon)
Scrolls
 d - 3 scrolls of teleportation
 k - a scroll of enchant weapon
Potions
 e - 2 potions of heal wounds
 j - a potion of cure mutation {!q}
 l - a potion of might {unknown}
Books
 i - a book of Battle
   (Xom gifted it to you on level 3 of the Dungeon)
Comestibles
 c - 4 bread rations {@e1}
 f - 6 fruits


   Skills:
 - Level 3.0 Fighting
 + Level 8.2 Long Blades
 - Level 2.1 Armour
 - Level 1.1 Dodging


You had 5 spell levels left.
You didn't know any spells.

Dungeon Overview and Level Annotations

Branches:
Dungeon (5/15)             Temple (0/1) D:4

Altars:
Ashenzari
Fedhas
Kikubaaqudgha
Nemelex Xobeh
Okawaru
Qazlal
Ru
Trog
Vehumet
Xom
Yredelemnul
Zin
The Shining One


Innate Abilities, Weirdness & Mutations

You have a beak for a mouth.
You have claws for feet.
You can fly.
You have a pair of small antennae on your head.
You have very sharp fingernails.
You have supernaturally acute eyesight.
You are somewhat resistant to further mutation.
You passively map a small area around you.
Your natural rate of healing is unusually fast.
Your muscles are strong. (Str +2)


Message History

You slash the jackal!
You kill the jackal!
You start resting.
Xom's power touches on you for a moment.
Your body is suffused with distortional energy.
You feel a strange attunement to the structure of the dungeons.
Your fingernails sharpen.
You feel genetically stable.
You feel stronger.
You are now a toy of Xom.
You regained 13 hp, and now have 18/37 hp.
Unknown command.
You now have 142 gold pieces (gained 14).
g - a pink potion You regained 4 hp, and now have 22/37 hp.
k - a scroll of enchant weapon You regained 7 hp, and now have 29/37 hp.
You are now a favourite toy of Xom.
You now have 155 gold pieces (gained 13).
Found a stone staircase leading up.
You regained 5 hp, and now have 34/37 hp.
You are starving!
Health restored: 37 Eat which item? (? for menu, Esc to quit)
You continue eating. x2
You finish eating.
That royal jelly was delicious!
Autopickup is now off.
Autopickup is now on.
The ogre shouts!
The ogre is too close now for your liking.
An ogre is nearby!
An ogre is nearby!
An ogre is nearby!
An ogre is nearby!
Drink which item? (? for menu, Esc to quit)
It was a potion of flight.
You feel very buoyant.
You swoop lightly up into the air.
You barely miss the ogre.
You claw the ogre. "This might be better!"
The ogre seems to speed up.
The ogre hits you with a giant club!
You take 11 damage, and have 26/37 hp.
MASSIVE DAMAGE!!
You barely miss the ogre. The ogre closely misses you.
Unknown command.
Unknown command.
You slash the ogre! You claw the ogre. Xom's power flows through you!
You turn into a fearsome dragon!
Your +2 falchion of chaos melds into your body.
Your +2 leather armour melds into your body.
The ogre barely misses you.
You now have 39/55 hp.
Really attack barehanded? [Y]es or [N]o only, please.
Really attack barehanded? [Y]es or [N]o only, please.
Really attack barehanded? [Y]es or [N]o only, please.
Really attack barehanded?
You claw the ogre!
Your tail-slap misses the ogre.
You bite the ogre. The ogre barely misses you.
You bite the ogre!!
You kill the ogre!
Your Long Blades skill increases to level 8!
You see here a giant club.
An adder skeleton comes into view.
The adder skeleton bites you but does no damage.
You bite the adder skeleton!!
You destroy the adder skeleton!
You are starting to lose your buoyancy.
Health restored: 55 Your transformation is almost over.
Your transformation has ended.
Your +2 falchion of chaos unmelds from your body.
Your +2 leather armour unmelds from your body.
It is briefly surrounded by a scintillating aura of random colours.
You now have 37/37 hp.
g - an encrusted ring mail Read which item? (? for menu, Esc to quit)
Okay, then.
Wear which item? (? for menu, Esc to quit)
You start removing your armour.
You continue taking off your +2 leather armour. x4
You finish taking off your +2 leather armour.
You start putting on your armour.
You continue putting on your encrusted ring mail. x5
You finish putting on the +5 ring mail of Taupsesoge {-Cast rF+ Int+2 Dex+3}.
Xom's power touches on you for a moment.
Something forms from out of thin air!
You see here a red potion.
l - a red potion The ice devil hits you!
The ice devil freezes you!
You take 25 damage, and have 12/37 hp.
MASSIVE DAMAGE!!
The ice devil hits you.
* * * LOW HITPOINT WARNING * * *
The ice devil freezes you!!
Ouch! That really hurt!
You die...
Xom chuckles heartily!

#.......## , .
.........# ,.##*
..####...#####* ,..##
### ###..#..####...
#.......#..# * #
##.........# #
##.........## #
##.........3.# #
#.....>.....@## #
##.............#
##..............#
#................#
##...............#
##...............# *
#.................#
#..###..............#
.## #....(........


You could see an ice devil.

Vanquished Creatures
  2 ogres (D:4)
  An orc priest (D:3)
  6 adders
  2 adder skeletons (D:4)
  2 worms
  3 giant geckos
  2 orcs (D:3)
  4 giant cockroaches
  10 goblins
  9 hobgoblins
  7 jackals
  3 ball pythons
  10 bats
  3 giant newts (D:3)
  8 kobolds
  6 rats
78 creatures vanquished.

Vanquished Creatures (collateral kills)
  An ogre (D:3)
  An orc (D:3)
  A giant newt (D:3)
3 creatures vanquished.

Vanquished Creatures (others)
  A scorpion (D:4)
  A jackal (D:5)
2 creatures vanquished.

Grand Total: 83 creatures vanquished

Notes
Turn   | Place    | Note
--------------------------------------------------------------
     0 | D:1      | RobertPalmer the Tengu Chaos Knight began the quest for the Orb.
     0 | D:1      | Reached XP level 1. HP: 14/14 MP: 2/2
    52 | D:1      | XOM: silly message
   119 | D:1      | Reached XP level 2. HP: 17/19 MP: 3/3
   196 | D:1      | Reached skill level 4 in Long Blades
   245 | D:1      | HP: 4/19 [kobold/stone (2)]
   432 | D:1      | XOM: divination: detect creatures
   508 | D:1      | Reached XP level 3. HP: 21/23 MP: 4/4
  1031 | D:2      | Reached skill level 5 in Long Blades
  1238 | D:2      | Reached XP level 4. HP: 26/28 MP: 5/5
  1344 | D:2      | XOM: scenery: create altars
  1429 | D:2      | Found an iron altar of Okawaru.
  1478 | D:2      | XOM: divination: detect items
  1680 | D:3      | XOM: cast spell 'Summon Butterflies'
  1702 | D:3      | Found a glowing drain.
  1718 | D:3      | XOM: snakes to sticks
  1869 | D:3      | Found an ancient bone altar of Kikubaaqudgha.
  1892 | D:3      | Found a bloodstained altar of Trog.
  1973 | D:3      | Reached skill level 6 in Long Blades
  1973 | D:3      | Gained mutation: You can fly. [Tengu growth]
  1973 | D:3      | Reached XP level 5. HP: 30/32 MP: 6/6
  1983 | D:3      | Found a shattered altar of Ashenzari.
  1993 | D:3      | Found a glowing silver altar of Zin.
  2001 | D:3      | Found a sparkling altar of Nemelex Xobeh.
  2001 | D:3      | Found a radiant altar of Vehumet.
  2001 | D:3      | Found a basalt altar of Yredelemnul.
  2001 | D:3      | Found a shimmering altar of Xom.
  2002 | D:3      | Found a sacrificial altar of Ru.
  2003 | D:3      | Found a stormy altar of Qazlal.
  2004 | D:3      | Found a blossoming altar of Fedhas.
  2005 | D:3      | Found a glowing golden altar of the Shining One.
  2320 | D:3      | Noticed an ogre
  2342 | D:3      | Killed an ogre
  2576 | D:3      | XOM: confuse monster(s)
  2577 | D:3      | Reached skill level 7 in Long Blades
  2656 | D:3      | XOM: god gift: metal-bound book {god gift}
  2823 | D:4      | Noticed an ogre
  2829 | D:4      | XOM: confuse monster(s)
  2833 | D:4      | Killed an ogre
  2833 | D:4      | Reached XP level 6. HP: 37/37 MP: 7/7
  2853 | D:4      | Found a staircase to the Ecumenical Temple.
  2859 | D:4      | Noticed an ogre
  2861 | D:4      | XOM: summons friendly shadow imp
  2863 | D:4      | XOM: butterfly on damage
  2873 | D:4      | XOM: fog
  2903 | D:5      | Entered Level 5 of the Dungeon
  3262 | D:4      | XOM: give mutations
  3262 | D:4      | Gained mutation: You have sharp fingernails. [Xom's grace]
  3262 | D:4      | Gained mutation: You have a pair of small antennae on your head. [Xom's grace]
  3262 | D:4      | Gained mutation: You have supernaturally acute eyesight. [Xom's grace]
  3262 | D:4      | Gained mutation: Your natural rate of healing is unusually fast. [Xom's grace]
  3294 | D:4      | XOM: divine lightning
  3306 | D:4      | HP: 4/37 [giant gecko (1)]
  3378 | D:4      | XOM: give mutations
  3378 | D:4      | Gained mutation: You passively map a small area around you. [Xom's grace]
  3378 | D:4      | Gained mutation: You have very sharp fingernails. [Xom's grace]
  3378 | D:4      | Gained mutation: You are somewhat resistant to further mutation. [Xom's grace]
  3378 | D:4      | Gained mutation: Your muscles are strong. (Str +2) [Xom's grace]
  3488 | D:4      | XOM: enchant monster (bad)
  3490 | D:4      | XOM: cast spell 'Dragon Form'
  3492 | D:4      | Killed an ogre
  3492 | D:4      | Reached skill level 8 in Long Blades
  3557 | D:4      | Got an encrusted ring mail
  3568 | D:4      | Identified the +5 ring mail of Taupsesoge {-Cast rF+ Int+2 Dex+3} (You found it on level 4 of the Dungeon)
  3573 | D:4      | XOM: medium Summ miscast
  3574 | D:4      | Noticed an ice devil
  3579 | D:4      | HP: 7/37 [ice devil[the capriciousness of Xom] (5)]
  3579 | D:4      | Demolished by an ice devil

Vault maps used:
D:1:      dpeg_arrival_water_fire
D:2:      okawaru_metal_pillars_1_2
D:3:      minitemple, first_bread, gup_sewer_entry_glass, lemuel_tele_altar
D:4:      lemuel_coloured_pillars_altar, minmay_temple_entry_butterflies,
          corexii_corridor_pit, fountainhead, uniq_menkaure
D:5:      hangedman_abyss_or_decor_stagger

Action                   |  1- 3 |  4- 6 || total
-------------------------+-------+-------++-------
Melee: Falchion          |    82 |   130 ||   212
       Unarmed           |       |     3 ||     3
  Use: Scroll            |       |     8 ||     8
       Potion            |       |     6 ||     6
 Stab: Sleeping          |     1 |     2 ||     3
       Petrifying        |       |     1 ||     1
  Eat: Chunk             |     1 |     5 ||     6
       Royal jelly       |       |     1 ||     1

Vault maps used:
D:1:      dpeg_arrival_water_fire
D:2:      okawaru_metal_pillars_1_2
D:3:      minitemple, first_bread, gup_sewer_entry_glass, lemuel_tele_altar
D:4:      lemuel_coloured_pillars_altar, minmay_temple_entry_butterflies,
          corexii_corridor_pit, fountainhead, uniq_menkaure
D:5:      hangedman_abyss_or_decor_stagger

Table legend:
 A = Turns spent in this place as a percentage of turns spent in the entire game.
 B = Non-inter-level travel turns spent in this place as a percentage of non-inter-level travel turns spent in the entire game.
 C = Inter-level travel turns spent in this place as a percentage of turns spent in this place.
 D = Turns resting spent in this place as a percentage of non-inter-level travel turns spent in this place.
 E = Turns spent auto-exploring this place as a percentage of non-inter-level travel turns spent in this place.
 F = Non-inter-level travel turns spent in this place divided by the number of levels of this place that you've seen.
                   A       B       C       D       E      F
               +-------+-------+-------+-------+-------+----------------------
         Total | 100.0 | 100.0 |   0.3 |   2.2 |  10.4 | 229.6
       Dungeon | 100.0 | 100.0 |   0.3 |   2.2 |  10.4 | 229.6
               +-------+-------+-------+-------+-------+----------------------

Table legend:
 A = Kills in this place as a percentage of kills in entire the game.
 B = Kills by you in this place as a percentage of kills by you in the entire game.
 C = Kills by friends in this place as a percentage of kills by friends in the entire game.
 D = Other kills in this place as a percentage of other kills in the entire game.
 E = Experience gained in this place as a percentage of experience gained in the entire game.
 F = Experience gained in this place divided by the number of levels of this place that you have seen.
                   A       B       C       D       E      F
               +-------+-------+-------+-------+-------+----------------------
         Total | 100.0 | 100.0 | 100.0 | 100.0 | 100.0 | 114.4
       Dungeon | 100.0 | 100.0 | 100.0 | 100.0 | 100.0 | 114.4
               +-------+-------+-------+-------+-------+----------------------
